IL
CHARLOTTE KNIGHTS @ NASHVILLE SOUNDS
04/30/2048
 
TOP OF THE 1ST
Charlotte Knights batting - Pitching for Nashville Sounds : RHP Carlos Alaniz
Pitching: RHP Carlos Alaniz
Batting: LHB John Thurman 0-0: Fly out, F7 (Flyball, 7D, EV 94.4 MPH)
Batting: LHB Carlos Ramirez 0-0: Ball
1-0: Foul Ball, location: 2F
1-1: Fly out, F9 (Flyball, 9LM, EV 81.9 MPH)
Batting: LHB Joe Kirkland 0-0: Ground out 4-3 (Groundball, 4, EV 91.2 MPH)
Top of the 1st over - 0 runs, 0 hits, 0 errors, 0 left on base; Charlotte 0 - Nashville 0
BOTTOM OF THE 1ST
Nashville Sounds batting - Pitching for Charlotte Knights : RHP Jake Milligan
Pitching: RHP Jake Milligan
Batting: RHB Jeff Garofalo 0-0: Ball
1-0: DOUBLE (Line Drive, 89XD, EV 100.6 MPH)
Batting: SHB Robert Santiago 0-0: Ground out 3-1 (Groundball, 34, EV 88.1 MPH)
Jeff Garofalo to third
Batting: RHB Tim Cordle 0-0: Ball
1-0: Ball
2-0: Fly out, F8 (Flyball, 8LM, EV 91.9 MPH)
Runner from 3rd tags up, SCORES, no throw by CF
Batting: RHB David Herrera 0-0: Called Strike
0-1: Ball
1-1: Swinging Strike
1-2: Ground out 6-3 (Groundball, 56, EV 103.1 MPH)
Bottom of the 1st over - 1 run, 1 hit, 0 errors, 0 left on base; Charlotte 0 - Nashville 1
TOP OF THE 2ND
Charlotte Knights batting - Pitching for Nashville Sounds : RHP Carlos Alaniz
Batting: RHB Fletcher Easter 0-0: Foul Ball, location: 2F
0-1: Ball
1-1: Reached on error, E2 (Groundball, 2L, EV 71.9 MPH)
Batting: LHB Adam Tarbutton 0-0: Ball
1-0: Called Strike
Fletcher Easter is caught stealing 3rd base 2-5
1-1: Ball
2-1: Foul Ball, location: 2F
2-2: Ball
3-2: SOLO HOME RUN (Flyball, 78XD, EV 108.1 MPH), Distance : 396 ft
Batting: RHB Micah Brown 0-0: Ball
1-0: Called Strike
1-1: Ground out 5-3 (Groundball, 56, EV 87.5 MPH)
Batting: RHB Danny Longoria 0-0: Ball
1-0: Called Strike
1-1: Ball
2-1: Ground out 5-3 (Groundball, 5, EV 94.4 MPH)
Top of the 2nd over - 1 run, 1 hit, 1 error, 0 left on base; Charlotte 1 - Nashville 1
BOTTOM OF THE 2ND
Nashville Sounds batting - Pitching for Charlotte Knights : RHP Jake Milligan
Batting: LHB Tomas Segarra 0-0: Called Strike
0-1: Ball
1-1: Swinging Strike
1-2: Fly out, F8 (Flyball, 8RXD, EV 96.9 MPH)
Batting: RHB Wade Diamond 0-0: Ball
1-0: Ball
2-0: Ball
3-0: Base on Balls
Batting: SHB D.J. Codd 0-0: Called Strike
0-1: Ball
1-1: Ball
2-1: Ball
3-1: Base on Balls
Wade Diamond to second
Batting: SHB Ryan Chicoine 0-0: Ball
1-0: Foul Ball, location: 2F
1-1: Foul Ball, location: 2F
1-2: Fielders Choice at 2nd, 1-6 (Groundball, 34S, EV 66.2 MPH)
Wade Diamond to third
Batting: RHB Eduardo Chavez 0-0: Ball
1-0: Swinging Strike
1-1: Ball
2-1: Ball
3-1: Base on Balls
Ryan Chicoine to second
Batting: RHB Jeff Garofalo 0-0: Ball
1-0: Called Strike
1-1: Ball
2-1: Ball
3-1: Ground out 6-3 (Groundball, P, EV 81.9 MPH)
Bottom of the 2nd over - 0 runs, 0 hits, 0 errors, 3 left on base; Charlotte 1 - Nashville 1
TOP OF THE 3RD
Charlotte Knights batting - Pitching for Nashville Sounds : RHP Carlos Alaniz
Batting: RHB Kikuo Sato 0-0: Ball
1-0: Ball
2-0: Ball
3-0: Called Strike
3-1: Swinging Strike
3-2: Base on Balls
Batting: RHB Steve Waltenbery 0-0: Ball
1-0: Ball
2-0: Fielders Choice at 2nd, 6-4 (Groundball, 6, EV 86.9 MPH)
Batting: LHB John Thurman 0-0: Called Strike
0-1: Ball
1-1: Ball
2-1: Ball
3-1: Foul Ball, location: 2F
3-2: Foul Ball, location: 2F
3-2: Fly out, F8 (Flyball, 8LM, EV 91.2 MPH)
Batting: LHB Carlos Ramirez 0-0: Ball
1-0: Ball
2-0: Swinging Strike
2-1: Called Strike
2-2: Fly out, F9 (Flyball, 9D, EV 98.1 MPH)
Top of the 3rd over - 0 runs, 0 hits, 0 errors, 1 left on base; Charlotte 1 - Nashville 1
BOTTOM OF THE 3RD
Nashville Sounds batting - Pitching for Charlotte Knights : RHP Jake Milligan
Batting: SHB Robert Santiago 0-0: Ball
1-0: Ball
2-0: Foul Ball, location: 2F
2-1: Called Strike
2-2: Ball
3-2: Base on Balls
Batting: RHB Tim Cordle 0-0: Called Strike
0-1: Foul Ball, location: 2F
0-2: Strikes out looking
Batting: RHB David Herrera 0-0: Ball
Pickoff Throw to First - Out! 1-3
1-0: Fly out, F9 (Line Drive, 89D, EV 91.9 MPH)
Bottom of the 3rd over - 0 runs, 0 hits, 0 errors, 0 left on base; Charlotte 1 - Nashville 1
TOP OF THE 4TH
Charlotte Knights batting - Pitching for Nashville Sounds : RHP Carlos Alaniz
Batting: LHB Joe Kirkland 0-0: Foul Ball, location: 2F
0-1: Foul Ball, location: 2F
0-2: Strikes out looking
Batting: RHB Fletcher Easter 0-0: Called Strike
0-1: Ball
1-1: Called Strike
1-2: Foul Ball, location: 2F
1-2: DOUBLE (Line Drive, 9LS, EV 94.4 MPH)
Batting: LHB Adam Tarbutton 0-0: Called Strike
0-1: Ball
1-1: Foul Ball, location: 2F
1-2: Ball
2-2: Ball
3-2: Strikes out swinging
Batting: RHB Micah Brown 0-0: Ball
1-0: Ground out 3-1 (Groundball, 34, EV 88.8 MPH)
Top of the 4th over - 0 runs, 1 hit, 0 errors, 1 left on base; Charlotte 1 - Nashville 1
BOTTOM OF THE 4TH
Nashville Sounds batting - Pitching for Charlotte Knights : RHP Jake Milligan
Batting: LHB Tomas Segarra 0-0: Ball
1-0: Foul Ball, location: 2F
1-1: Ball
2-1: Ball
3-1: Foul Ball, location: 2F
3-2: Foul Ball, location: 2F
3-2: Base on Balls
Batting: RHB Wade Diamond 0-0: Called Strike
0-1: Foul Ball, location: 2F
0-2: SINGLE (Groundball, 6MS, EV 65.0 MPH) (infield hit)
Tomas Segarra to second
Batting: SHB D.J. Codd 0-0: Called Strike
0-1: Swinging Strike
0-2: Ball
1-2: Ball
2-2: SINGLE (Groundball, 6MD, EV 95.0 MPH)
Tomas Segarra to third
Wade Diamond to second
Runner from 3rd tries for Home, SAFE, throw by CF to home
Batting: SHB Ryan Chicoine 0-0: Foul Ball, location: 2F
0-1: Swinging Strike
0-2: Ball
1-2: Strikes out swinging
Batting: RHB Eduardo Chavez 0-0: Foul Ball, location: 2F
0-1: Ball
1-1: Foul Ball, location: 2F
1-2: Ball
2-2: Strikes out swinging
Batting: RHB Jeff Garofalo 0-0: Foul Ball, location: 2F
0-1: Foul Ball, location: 2F
0-2: Ball
1-2: Ball
2-2: Ball
3-2: Strikes out swinging
Bottom of the 4th over - 1 run, 2 hits, 0 errors, 2 left on base; Charlotte 1 - Nashville 2
TOP OF THE 5TH
Charlotte Knights batting - Pitching for Nashville Sounds : RHP Carlos Alaniz
Batting: RHB Danny Longoria 0-0: Swinging Strike
0-1: Ball
1-1: Ball
2-1: Called Strike
2-2: Ball
3-2: DOUBLE (Flyball, 8LXD, EV 105.0 MPH)
Batting: RHB Kikuo Sato 0-0: Called Strike
0-1: Ball
1-1: DOUBLE (Line Drive, 78M, EV 92.5 MPH)
Danny Longoria scores
Batting: RHB Steve Waltenbery 0-0: Called Strike
0-1: Swinging Strike
0-2: SINGLE (Groundball, 56S, EV 65.6 MPH) (infield hit)
Kikuo Sato to third
Batting: LHB John Thurman 0-0: Called Strike
0-1: Called Strike
0-2: Strikes out swinging
Batting: LHB Carlos Ramirez 0-0: Ground out 4-3 (Groundball, 34D, EV 90.6 MPH)
Kikuo Sato scores
Steve Waltenbery to second
Batting: LHB Joe Kirkland 0-0: Ball
1-0: Swinging Strike
1-1: Ground out 1-3 (Groundball, 15S, EV 67.5 MPH)
Top of the 5th over - 2 runs, 3 hits, 0 errors, 1 left on base; Charlotte 3 - Nashville 2
BOTTOM OF THE 5TH
Nashville Sounds batting - Pitching for Charlotte Knights : RHP Jake Milligan
Batting: SHB Robert Santiago 0-0: Called Strike
0-1: Called Strike
0-2: Ball
1-2: Strikes out swinging
Batting: RHB Tim Cordle 0-0: Called Strike
0-1: Ball
1-1: Ball
2-1: Called Strike
2-2: Foul Ball, location: 2F
2-2: Foul Ball, location: 2F
2-2: Foul Ball, location: 2F
2-2: SINGLE (Groundball, 6M, EV 76.2 MPH) (infield hit)
Batting: RHB David Herrera 0-0: Called Strike
0-1: Grounds into double play, 4-6-3 (Groundball, 34, EV 102.5 MPH)
Bottom of the 5th over - 0 runs, 1 hit, 0 errors, 0 left on base; Charlotte 3 - Nashville 2
TOP OF THE 6TH
Charlotte Knights batting - Pitching for Nashville Sounds : RHP Carlos Alaniz
Batting: RHB Fletcher Easter 0-0: Swinging Strike
0-1: SINGLE (Groundball, 34D, EV 106.9 MPH)
Batting: LHB Adam Tarbutton 0-0: Ball
1-0: Called Strike
1-1: Foul Ball, location: 2F
1-2: Fly out, F9 (Flyball, 9LM, EV 83.1 MPH)
Batting: RHB Micah Brown 0-0: Called Strike
0-1: SINGLE (Flyball, 56D, EV 94.4 MPH)
Fletcher Easter to second
Batting: RHB Danny Longoria 0-0: Ball
1-0: Foul Ball, location: 2F
1-1: Foul Ball, location: 2F
1-2: Ball
2-2: Strikes out swinging
Batting: RHB Kikuo Sato 0-0: Ball
1-0: Called Strike
1-1: SINGLE (Groundball, 6MD, EV 98.8 MPH)
Fletcher Easter to third
Micah Brown to second
Runner from 3rd tries for Home, SAFE, throw by CF to home
Batting: RHB Steve Waltenbery 0-0: Called Strike
0-1: Ball
1-1: Ball
2-1: Ball
3-1: Swinging Strike
3-2: Base on Balls
Micah Brown to third
Kikuo Sato to second
Batting: LHB John Thurman 0-0: Called Strike
0-1: Ball
1-1: Swinging Strike
1-2: Foul Ball, location: 2F
1-2: Foul Ball, location: 2F
1-2: Foul Ball, location: 2F
1-2: Foul Ball, location: 2F
1-2: Ball
2-2: Strikes out swinging
Top of the 6th over - 1 run, 3 hits, 0 errors, 3 left on base; Charlotte 4 - Nashville 2
BOTTOM OF THE 6TH
Nashville Sounds batting - Pitching for Charlotte Knights : RHP Jake Milligan
Pitching: RHP Luis Castillo
Batting: LHB Tomas Segarra 0-0: Called Strike
0-1: Ball
1-1: Foul Ball, location: 2F
1-2: Ball
2-2: Strikes out swinging
Batting: RHB Wade Diamond 0-0: Ball
1-0: Ball
2-0: Ball
3-0: Called Strike
3-1: Base on Balls
Batting: SHB D.J. Codd 0-0: Fly out, F8 (Flyball, 8LS, EV 91.9 MPH)
Batting: SHB Ryan Chicoine 0-0: Called Strike
0-1: Called Strike
0-2: Ball
1-2: Strikes out swinging
Bottom of the 6th over - 0 runs, 0 hits, 0 errors, 1 left on base; Charlotte 4 - Nashville 2
TOP OF THE 7TH
Charlotte Knights batting - Pitching for Nashville Sounds : RHP Carlos Alaniz
Pitching: RHP Mike Staus
Batting: LHB Carlos Ramirez 0-0: Ball
1-0: Foul Ball, location: 2F
1-1: Ball
2-1: Ball
3-1: Base on Balls
Batting: LHB Joe Kirkland 0-0: Foul Ball, location: 2F
0-1: Hit by Pitch
Carlos Ramirez to second
Batting: RHB Fletcher Easter 0-0: Ball
1-0: Ball
2-0: Ball
3-0: Base on Balls
Carlos Ramirez to third
Joe Kirkland to second
Batting: LHB Adam Tarbutton 0-0: Called Strike
0-1: Called Strike
0-2: Foul Ball, location: 2F
0-2: Ball
1-2: Ball
2-2: Strikes out swinging
Batting: RHB Micah Brown 0-0: Ball
1-0: Grounds into fielders choice 4-2 (Groundball, 4M, EV 84.4 MPH)
Joe Kirkland to third
Fletcher Easter to second
Pinch Hitting: LHB Jason Bell 0-0: Ball
1-0: Called Strike
1-1: Ball
2-1: Ball
3-1: Ground out 1-3 (Groundball, 13S, EV 75.0 MPH)
Top of the 7th over - 0 runs, 0 hits, 0 errors, 3 left on base; Charlotte 4 - Nashville 2
BOTTOM OF THE 7TH
Nashville Sounds batting - Pitching for Charlotte Knights : RHP Luis Castillo
Now at 3B: Matt Childers
Pinch Hitting: LHB Gregg Power 0-0: Ground out 6-3 (Groundball, 4M, EV 92.5 MPH)
Batting: RHB Jeff Garofalo 0-0: Foul Ball, location: 2F
0-1: Swinging Strike
0-2: Strikes out swinging
Batting: SHB Robert Santiago 0-0: Called Strike
0-1: Ball
1-1: Foul Ball, location: 2F
1-2: Ball
2-2: Ball
3-2: SINGLE (Line Drive, 89S, EV 109.4 MPH)
Batting: RHB Tim Cordle 0-0: Called Strike
0-1: Foul Ball, location: 2F
0-2: Ball
1-2: Strikes out swinging
Bottom of the 7th over - 0 runs, 1 hit, 0 errors, 1 left on base; Charlotte 4 - Nashville 2
TOP OF THE 8TH
Charlotte Knights batting - Pitching for Nashville Sounds : RHP Mike Staus
Pitching: RHP Jesus Moreno
Now at 2B: Scott Wiggs
Batting: RHB Kikuo Sato 0-0: Ball
1-0: Ball
2-0: Ball
3-0: Foul Ball, location: 2F
3-1: Swinging Strike
3-2: Foul Ball, location: 2F
3-2: SINGLE (Groundball, 4MD, EV 93.8 MPH)
Batting: RHB Steve Waltenbery 0-0: Sac Bunt to 2L - play at first, batter OUT! 2-3
Kikuo Sato to second
Batting: LHB John Thurman 0-0: Ball
1-0: Foul Ball, location: 2F
1-1: Foul Ball, location: 2F
1-2: Strikes out looking
Batting: LHB Carlos Ramirez 0-0: Called Strike
0-1: Ball
1-1: Swinging Strike
1-2: Foul Ball, location: 2F
1-2: Ball
2-2: Foul Ball, location: 2F
2-2: Ball
3-2: Foul Ball, location: 2F
3-2: Fly out, F8 (Line Drive, 8LXD, EV 104.4 MPH)
Top of the 8th over - 0 runs, 1 hit, 0 errors, 1 left on base; Charlotte 4 - Nashville 2
BOTTOM OF THE 8TH
Nashville Sounds batting - Pitching for Charlotte Knights : RHP Luis Castillo
Now at 1B: Ron Johansen
Batting: RHB David Herrera 0-0: Ball
1-0: Ball
2-0: Called Strike
2-1: Ball
3-1: Called Strike
3-2: Strikes out swinging
Batting: LHB Tomas Segarra 0-0: Swinging Strike
0-1: Foul Ball, location: 2F
0-2: Ball
1-2: Foul Ball, location: 2F
1-2: Ball
2-2: Strikes out swinging
Batting: RHB Wade Diamond 0-0: Called Strike
0-1: Called Strike
0-2: Foul Ball, location: 2F
0-2: Strikes out swinging
Bottom of the 8th over - 0 runs, 0 hits, 0 errors, 0 left on base; Charlotte 4 - Nashville 2
TOP OF THE 9TH
Charlotte Knights batting - Pitching for Nashville Sounds : RHP Jesus Moreno
Pitching: RHP A.J. Marston
Batting: LHB Joe Kirkland 0-0: Foul Ball, location: 2F
0-1: Ball
1-1: Swinging Strike
1-2: Ground out 4-3 (Groundball, 4, EV 88.8 MPH)
Batting: RHB Fletcher Easter 0-0: Fly out, F7 (Line Drive, 7D, EV 95.0 MPH)
Batting: LHB Adam Tarbutton 0-0: Ball
1-0: Swinging Strike
1-1: Ball
2-1: Ground out 4-3 (Groundball, 4, EV 90.0 MPH)
Top of the 9th over - 0 runs, 0 hits, 0 errors, 0 left on base; Charlotte 4 - Nashville 2
BOTTOM OF THE 9TH
Nashville Sounds batting - Pitching for Charlotte Knights : RHP Luis Castillo
Pitching: LHP Steven Wolf
Batting: SHB D.J. Codd 0-0: Ground out 5-3 (Groundball, 56S, EV 65.0 MPH)
Batting: SHB Ryan Chicoine 0-0: Ball
1-0: Ball
2-0: Foul Ball, location: 2F
2-1: Called Strike
2-2: Ball
3-2: Foul Ball, location: 2F
3-2: Foul Ball, location: 2F
3-2: Foul Ball, location: 2F
3-2: Ground out 6-3 (Groundball, 56, EV 86.9 MPH)
Batting: RHB Scott Wiggs 0-0: Called Strike
0-1: Foul Ball, location: 2F
0-2: Ball
1-2: Ball
2-2: Ball
3-2: Strikes out looking
Bottom of the 9th over - 0 runs, 0 hits, 0 errors, 0 left on base; Charlotte 4 - Nashville 2
Tuesday, March 28th , 2023 - OOTP Baseball 23.10 Build 110